| TOP OF THE 1ST |
|
Brooklyn Cyclones batting - Pitching for Jacksonville Suns : LHP Jeff Fassero
|
|
Pitching: LHP Jeff Fassero
|
|
|
Batting: RHB Onix Concepcion
|
0-0: Called Strike 0-1: Ball 1-1: Foul Ball, location: 2F 1-2: Foul Ball, location: 2F 1-2: Strikes out swinging
|
|
Batting: RHB Alan Cockrell
|
0-0: Called Strike 0-1: Swinging Strike 0-2: Hit by Pitch
|
|
Batting: RHB Jed Hansen
|
0-0: Called Strike 0-1: Foul Ball, location: 2F 0-2: Ball 1-2: Strikes out swinging
|
|
Batting: SHB Turner Ward
|
0-0: Ball 1-0: Foul Ball, location: 2F 1-1: Called Strike 1-2: Strikes out looking
|
| Top of the 1st over - 0 runs, 0 hits, 0 errors, 1 left on base; Brooklyn 0 - Jacksonville 0 |
| BOTTOM OF THE 1ST |
|
Jacksonville Suns batting - Pitching for Brooklyn Cyclones : RHP Frankie Rodriguez
|
|
Pitching: RHP Frankie Rodriguez
|
|
|
Batting: RHB Damon Buford
|
0-0: Fly out, F8 (Flyball, 78M, EV 90.0 MPH)
|
|
Batting: RHB Chris Gomez
|
0-0: Ball 1-0: Called Strike 1-1: Swinging Strike 1-2: Ball 2-2: Strikes out swinging
|
|
Batting: LHB Sean Casey
|
0-0: Ball 1-0: SINGLE (Line Drive, 3D, EV 98.8 MPH)
|
|
Batting: RHB Ozzie Timmons
|
0-0: Ball 1-0: Ball 2-0: Foul Ball, location: 2F 2-1: Ball Wild Pitch! Sean Casey to second 3-1: Ground out 5-3 (Groundball, 56S, EV 61.9 MPH)
|
| Bottom of the 1st over - 0 runs, 1 hit, 0 errors, 1 left on base; Brooklyn 0 - Jacksonville 0 |
| TOP OF THE 2ND |
|
Brooklyn Cyclones batting - Pitching for Jacksonville Suns : LHP Jeff Fassero
|
|
Batting: RHB Brent Cookson
|
0-0: Swinging Strike 0-1: Ball 1-1: Ball 2-1: Ball 3-1: Fly out, F8 (Line Drive, 8RD, EV 88.8 MPH)
|
|
Batting: RHB Pedro Castellano
|
0-0: Foul Ball, location: 2F 0-1: Fly out, F8 (Flyball, 8LXD, EV 103.8 MPH)
|
|
Batting: RHB Mike R. Fitzgerald
|
0-0: Called Strike 0-1: Ball 1-1: Foul Ball, location: 2F 1-2: Ground out 6-3 (Groundball, 6S, EV 67.5 MPH)
|
| Top of the 2nd over - 0 runs, 0 hits, 0 errors, 0 left on base; Brooklyn 0 - Jacksonville 0 |
| BOTTOM OF THE 2ND |
|
Jacksonville Suns batting - Pitching for Brooklyn Cyclones : RHP Frankie Rodriguez
|
|
Batting: RHB Doug Mirabelli
|
0-0: Ball 1-0: Ball 2-0: Ball 3-0: Called Strike 3-1: Foul Ball, location: 2F 3-2: Foul Ball, location: 2F 3-2: Foul Ball, location: 2F 3-2: Foul Ball, location: 2F 3-2: Foul Ball, location: 2F 3-2: Strikes out swinging
|
|
Batting: RHB Angel Echevarria
|
0-0: Ball 1-0: Called Strike 1-1: SOLO HOME RUN (Flyball, 78XD, EV 91.9 MPH), Distance : 407 ft
|
|
Batting: LHB Ryan McGuire
|
0-0: Ball 1-0: Called Strike 1-1: Fly out, F9 (Flyball, 89M, EV 89.4 MPH)
|
|
Batting: RHB Jeff Reboulet
|
0-0: Foul Ball, location: 2F 0-1: Fly out, F7 (Line Drive, 7D, EV 97.5 MPH)
|
| Bottom of the 2nd over - 1 run, 1 hit, 0 errors, 0 left on base; Brooklyn 0 - Jacksonville 1 |
| TOP OF THE 3RD |
|
Brooklyn Cyclones batting - Pitching for Jacksonville Suns : LHP Jeff Fassero
|
|
Batting: LHB Ray Giannelli
|
0-0: Called Strike 0-1: Foul Ball, location: 2F 0-2: Strikes out swinging
|
|
Batting: RHB Mike Glendenning
|
0-0: Called Strike 0-1: Ball 1-1: Foul Ball, location: 2F 1-2: Strikes out swinging
|
|
Batting: RHB Onix Concepcion
|
0-0: Ball 1-0: Swinging Strike 1-1: Foul Ball, location: 2F 1-2: Foul Ball, location: 2F 1-2: Strikes out looking
|
| Top of the 3rd over - 0 runs, 0 hits, 0 errors, 0 left on base; Brooklyn 0 - Jacksonville 1 |
| BOTTOM OF THE 3RD |
|
Jacksonville Suns batting - Pitching for Brooklyn Cyclones : RHP Frankie Rodriguez
|
|
Batting: RHB Jorge Velandia
|
0-0: Ball 1-0: Foul Ball, location: 2F 1-1: Ball 2-1: Foul Ball, location: 2F 2-2: Ground out 6-3 (Groundball, 56, EV 84.4 MPH)
|
|
Batting: RHB Damon Buford
|
0-0: Called Strike 0-1: Ball 1-1: Called Strike 1-2: Foul Ball, location: 2F 1-2: Strikes out swinging
|
|
Batting: RHB Chris Gomez
|
0-0: Swinging Strike 0-1: Ball 1-1: Called Strike 1-2: Ball 2-2: DOUBLE (Flyball, 8LXD, EV 101.3 MPH)
|
|
Batting: LHB Sean Casey
|
0-0: Ball 1-0: Ball 2-0: Fly out, F7 (Flyball, 7, EV 90.0 MPH)
|
| Bottom of the 3rd over - 0 runs, 1 hit, 0 errors, 1 left on base; Brooklyn 0 - Jacksonville 1 |
| TOP OF THE 4TH |
|
Brooklyn Cyclones batting - Pitching for Jacksonville Suns : LHP Jeff Fassero
|
|
Batting: RHB Alan Cockrell
|
0-0: Fly out, F7 (Flyball, 7LS, EV 80.0 MPH)
|
|
Batting: RHB Jed Hansen
|
0-0: Foul Ball, location: 2F 0-1: Called Strike 0-2: Foul Ball, location: 2F 0-2: Ball 1-2: Foul Ball, location: 2F 1-2: Ball 2-2: Fly out, F9 (Flyball, 9D, EV 104.4 MPH)
|
|
Batting: SHB Turner Ward
|
0-0: Ball 1-0: Ball 2-0: Ground out 1-3 (Groundball, 13S, EV 72.5 MPH)
|
| Top of the 4th over - 0 runs, 0 hits, 0 errors, 0 left on base; Brooklyn 0 - Jacksonville 1 |
| BOTTOM OF THE 4TH |
|
Jacksonville Suns batting - Pitching for Brooklyn Cyclones : RHP Frankie Rodriguez
|
|
Batting: RHB Ozzie Timmons
|
0-0: Ball 1-0: Ball 2-0: Swinging Strike 2-1: Called Strike 2-2: Ball 3-2: Strikes out looking
|
|
Batting: RHB Doug Mirabelli
|
0-0: Ball 1-0: SINGLE (Flyball, 7S, EV 90.6 MPH)
|
|
Batting: RHB Angel Echevarria
|
0-0: Ball 1-0: Fielders Choice at 2nd, 1-4 (Groundball, 25, EV 83.8 MPH)
|
|
Batting: LHB Ryan McGuire
|
0-0: Ball 1-0: Ball 2-0: Ball 3-0: Base on Balls Angel Echevarria to second
|
|
Batting: RHB Jeff Reboulet
|
0-0: Called Strike 0-1: Ball 1-1: Fielders Choice at 2nd, 6-4 (Groundball, 6, EV 84.4 MPH)
|
| Bottom of the 4th over - 0 runs, 1 hit, 0 errors, 2 left on base; Brooklyn 0 - Jacksonville 1 |
| TOP OF THE 5TH |
|
Brooklyn Cyclones batting - Pitching for Jacksonville Suns : LHP Jeff Fassero
|
|
Batting: RHB Brent Cookson
|
0-0: Called Strike 0-1: Foul Ball, location: 2F 0-2: Ball 1-2: Ball 2-2: Ball 3-2: Fly out, F8 (Line Drive, 8RD, EV 91.3 MPH)
|
|
Batting: RHB Pedro Castellano
|
0-0: Ground out 6-3 (Groundball, 6, EV 80.0 MPH)
|
|
Batting: RHB Mike R. Fitzgerald
|
0-0: Ball 1-0: Foul Ball, location: 2F 1-1: Foul Ball, location: 2F 1-2: Foul Ball, location: 2F 1-2: DOUBLE (Line Drive, 8RD, EV 101.9 MPH)
|
|
Batting: LHB Ray Giannelli
|
0-0: Called Strike 0-1: Foul Ball, location: 2F 0-2: Ball 1-2: Strikes out swinging
|
| Top of the 5th over - 0 runs, 1 hit, 0 errors, 1 left on base; Brooklyn 0 - Jacksonville 1 |
| BOTTOM OF THE 5TH |
|
Jacksonville Suns batting - Pitching for Brooklyn Cyclones : RHP Frankie Rodriguez
|
|
Batting: RHB Jorge Velandia
|
0-0: Called Strike 0-1: Called Strike 0-2: SINGLE (Groundball, 6D, EV 99.4 MPH)
|
|
Batting: RHB Damon Buford
|
0-0: Called Strike 0-1: Ball 1-1: Swinging Strike 1-2: Fly out, F8 (Line Drive, 8LM, EV 93.1 MPH)
|
|
Batting: RHB Chris Gomez
|
0-0: Called Strike 0-1: Swinging Strike 0-2: Strikes out swinging
|
|
Batting: LHB Sean Casey
|
0-0: Ball 1-0: Ball 2-0: DOUBLE (Flyball, 78D, EV 86.9 MPH) Jorge Velandia to third Runner from 3rd tries for Home, SAFE, throw by CF to trailing runner, OUT at third! 8-6-5
|
| Bottom of the 5th over - 1 run, 2 hits, 0 errors, 0 left on base; Brooklyn 0 - Jacksonville 2 |
| TOP OF THE 6TH |
|
Brooklyn Cyclones batting - Pitching for Jacksonville Suns : LHP Jeff Fassero
|
|
Batting: RHB Mike Glendenning
|
0-0: Ground out 6-3 (Groundball, 6, EV 108.8 MPH)
|
|
Batting: RHB Onix Concepcion
|
0-0: Ball 1-0: Fly out, F8 (Line Drive, 8LM, EV 92.5 MPH)
|
|
Batting: RHB Alan Cockrell
|
0-0: Foul Ball, location: 2F 0-1: Foul Ball, location: 2F 0-2: Strikes out looking
|
| Top of the 6th over - 0 runs, 0 hits, 0 errors, 0 left on base; Brooklyn 0 - Jacksonville 2 |
| BOTTOM OF THE 6TH |
|
Jacksonville Suns batting - Pitching for Brooklyn Cyclones : RHP Frankie Rodriguez
|
|
Batting: RHB Ozzie Timmons
|
0-0: Fly out, F8 (Flyball, 8RS, EV 80.6 MPH)
|
|
Batting: RHB Doug Mirabelli
|
0-0: Called Strike 0-1: SOLO HOME RUN (Flyball, 7D, EV 100.0 MPH), Distance : 351 ft
|
|
Batting: RHB Angel Echevarria
|
0-0: Called Strike 0-1: Foul Ball, location: 2F 0-2: Fly out, F9 (Flyball, 89S, EV 95.0 MPH)
|
|
Batting: LHB Ryan McGuire
|
0-0: Ball 1-0: Ball 2-0: Called Strike 2-1: Ball 3-1: Foul Ball, location: 2F 3-2: Fly out, F7 (Flyball, 78M, EV 95.0 MPH)
|
| Bottom of the 6th over - 1 run, 1 hit, 0 errors, 0 left on base; Brooklyn 0 - Jacksonville 3 |
| TOP OF THE 7TH |
|
Brooklyn Cyclones batting - Pitching for Jacksonville Suns : LHP Jeff Fassero
|
|
Batting: RHB Jed Hansen
|
0-0: SINGLE (Line Drive, 8RS, EV 89.4 MPH)
|
|
Batting: SHB Turner Ward
|
0-0: Ball 1-0: Ball 2-0: Called Strike 2-1: Foul Ball, location: 2F 2-2: Fly out, F8 (Flyball, 8LM, EV 88.1 MPH)
|
|
Batting: RHB Brent Cookson
|
0-0: Ball 1-0: Foul Ball, location: 2F 1-1: Ball 2-1: SINGLE (Line Drive, 7LS, EV 91.3 MPH) Jed Hansen to second
|
|
Batting: RHB Pedro Castellano
|
0-0: Fly out, F8 (Flyball, 8RS, EV 91.9 MPH)
|
|
Batting: RHB Mike R. Fitzgerald
|
0-0: Ball 1-0: Foul Ball, location: 2F 1-1: Ground out 5-3 (Groundball, 56S, EV 63.8 MPH)
|
| Top of the 7th over - 0 runs, 2 hits, 0 errors, 2 left on base; Brooklyn 0 - Jacksonville 3 |
| BOTTOM OF THE 7TH |
|
Jacksonville Suns batting - Pitching for Brooklyn Cyclones : RHP Frankie Rodriguez
|
|
Batting: RHB Jeff Reboulet
|
0-0: Called Strike 0-1: Ground out 6-3 (Groundball, 6, EV 103.8 MPH)
|
|
Batting: RHB Jorge Velandia
|
0-0: Fly out, F6 (Line Drive, 6, EV 76.9 MPH)
|
|
Batting: RHB Damon Buford
|
0-0: Ball 1-0: SOLO HOME RUN (Flyball, 78XD, EV 96.9 MPH), Distance : 394 ft
|
|
Batting: RHB Chris Gomez
|
0-0: Called Strike 0-1: Foul Ball, location: 2F 0-2: Foul Ball, location: 2F 0-2: Ball 1-2: Ball 2-2: SINGLE (Groundball, 56D, EV 97.5 MPH)
|
|
Batting: LHB Sean Casey
|
0-0: Foul Ball, location: 2F 0-1: Ground out 4-3 (Groundball, 4D, EV 100.0 MPH)
|
| Bottom of the 7th over - 1 run, 2 hits, 0 errors, 1 left on base; Brooklyn 0 - Jacksonville 4 |
| TOP OF THE 8TH |
|
Brooklyn Cyclones batting - Pitching for Jacksonville Suns : LHP Jeff Fassero
|
|
Batting: LHB Ray Giannelli
|
0-0: Ball 1-0: Ball 2-0: Called Strike 2-1: Swinging Strike 2-2: Strikes out swinging
|
|
Batting: RHB Mike Glendenning
|
0-0: Foul Ball, location: 2F 0-1: Called Strike 0-2: Strikes out swinging
|
|
Batting: RHB Onix Concepcion
|
0-0: Ball 1-0: Called Strike 1-1: Ground out 1-3 (Groundball, 25, EV 74.4 MPH)
|
| Top of the 8th over - 0 runs, 0 hits, 0 errors, 0 left on base; Brooklyn 0 - Jacksonville 4 |
| BOTTOM OF THE 8TH |
|
Jacksonville Suns batting - Pitching for Brooklyn Cyclones : RHP Frankie Rodriguez
|
|
Batting: RHB Ozzie Timmons
|
0-0: Foul Ball, location: 2F 0-1: Fly out, F8 (Line Drive, 8RD, EV 104.4 MPH)
|
|
Batting: RHB Doug Mirabelli
|
0-0: Called Strike 0-1: Ball 1-1: Foul Ball, location: 2F 1-2: Foul Ball, location: 2F 1-2: Ball 2-2: Ball 3-2: Fly out, F8 (Line Drive, 8RM, EV 92.5 MPH)
|
|
Batting: RHB Angel Echevarria
|
0-0: Called Strike 0-1: Hit by Pitch
|
|
Batting: LHB Ryan McGuire
|
0-0: Swinging Strike 0-1: Ball 1-1: Ball 2-1: Ball 3-1: Called Strike 3-2: Base on Balls Angel Echevarria to second
|
|
Batting: RHB Jeff Reboulet
|
0-0: Ball 1-0: Ball 2-0: Foul Ball, location: 2F 2-1: Foul Ball, location: 2F 2-2: Ball 3-2: Foul Ball, location: 2F 3-2: Ground out 1-3 (Groundball, 34S, EV 93.1 MPH)
|
| Bottom of the 8th over - 0 runs, 0 hits, 0 errors, 2 left on base; Brooklyn 0 - Jacksonville 4 |
| TOP OF THE 9TH |
|
Brooklyn Cyclones batting - Pitching for Jacksonville Suns : LHP Jeff Fassero
|
|
Batting: RHB Alan Cockrell
|
0-0: Ball 1-0: Ball 2-0: Swinging Strike 2-1: Ground out U3 (Groundball, 3, EV 108.8 MPH)
|
|
Batting: RHB Jed Hansen
|
0-0: Called Strike 0-1: Swinging Strike 0-2: Ball 1-2: Strikes out looking
|
|
Batting: SHB Turner Ward
|
0-0: Ground out 6-3 (Groundball, 6, EV 91.3 MPH)
|
| Top of the 9th over - 0 runs, 0 hits, 0 errors, 0 left on base; Brooklyn 0 - Jacksonville 4 |
|